 Dungeon Crawl Stone Soup version 0.31-a0-321-g19405a7a6a (webtiles) character file.

Game seed: 8652830367302425985

9 2FriedEggs the Changeling (level 2, 0/46 HPs)
             Began as an Ogre Shapeshifter on July 17, 2023.
             Slain by a goblin
             ... wielding a +0 club
              (1 damage)
             ... on level 2 of the Dungeon.
             The game lasted 00:00:30 (76 turns).

2FriedEggs the Changeling (Ogre Shapeshifter)         Turns: 76, Time: 00:00:31

Health: 0/46       AC: 21    Str: 18    XL:     2   Next: 16%
Magic:  2/2        EV:  1    Int:  9    God:
Gold:   0          SH:  0    Dex:  9    Spells: 1/1 levels left

rFire   . .          .
                       - Unarmed
rCold   . . .        (no shield)
rNeg    . . .        a - melded +0 animal skin
rPois   +            (helmet currently unavailable)
rElec   .            (cloak currently unavailable)
rCorr   .            (gloves unavailable)
SInv    .            (boots unavailable)
Will    .....        (no amulet)
Stlth   +            (no ring)
HPRegen 0.27/turn    (no ring)
MPRegen 0.08/turn

%: no passive effects
@: tree-form
A: stationary, stasis, torment immunity, boosted hp, large, unfitting armour,
(tough skin 1)
a: no special abilities


You were on level 2 of the Dungeon.
You were a tree.
You visited 1 branch of the dungeon, and saw 2 of its levels.

Inventory:

Armour
 a - a +0 animal skin (melded)
Talismans
 c - a beast talisman
Scrolls
 d - a scroll of blinking {unknown}


   Skills:
 + Level 3.1 Fighting
 - Level 1.7 Dodging
 - Level 1.7 Unarmed Combat
 * Level 3.3 Shapeshifting


You had one spell level left.
You didn't know any spells.
Your spell library was empty.

Dungeon Overview and Level Annotations

Branches:
Dungeon (1/15)

Altars:

Shops:
D:2 *


Innate Abilities, Weirdness & Mutations

You are a tree.
Your roots penetrate the ground, keeping you stationary.
You cannot be teleported.
You are immune to unholy pain and torment.
Your maximum health is greatly increased.
Your equipment is partially melded.
You are too large for most types of armour.
((You have tough skin. (AC +1)))


Message History

The adder is almost dead.
You feel sick. The adder barely misses you. The goblin hits you with a +0 club.
You are too injured to fight recklessly!
You are too injured to fight recklessly!
You are too injured to fight recklessly!
You are too injured to fight recklessly!
You are too injured to fight recklessly!
You are too injured to fight recklessly!
You are too injured to fight recklessly!
You are too injured to fight recklessly!
You are too injured to fight recklessly!
You are too injured to fight recklessly!
You miss the adder.
The adder is severely wounded.
You feel sick. The adder bites you. The goblin closely misses you.
The adder barely misses you.
You miss the adder.
The adder is severely wounded.
You feel sick. The goblin hits you with a +0 club.
* * * LOW HITPOINT WARNING * * *
The adder barely misses you.
You barely miss the adder.
The adder is severely wounded.
You feel sick. The adder bites you.
* * * LOW HITPOINT WARNING * * *
The goblin barely misses you.
Really quaff the potion of lignification?
Your transformation has ended.
You turn into a tree.
Your +0 animal skin melds into your body.
Your roots penetrate the ground.
You feel sick.
You are no longer poisoned.
The adder bites you but does no damage. The goblin hits you but does no damage.
Unknown command.
You hit the adder.
The adder is almost dead.
The adder bites you.
* * * LOW HITPOINT WARNING * * *
The goblin hits you with a +0 club.
You die...

.S#..)#........
...<...$. ........#.....
......... #...#.........
........# #.......#.....
........###.......#.....
..............∩.........
........#.............#
.##)...S..............##
....(.g♣.......)...#....
.######......[.....####.
..................# ##
...##..##.$.#...#...###
. .....############....
#...."# ####. #.....# #.
#.....# ## #....# #


You could see an adder and a goblin.

Vanquished Creatures
  A dart slug (D:2)
  A goblin (D:2)
  2 hobgoblins (D:2)
  A quokka (D:2)
  A frilled lizard (D:2)
  A rat (D:2)
7 creatures vanquished.

Notes
Turn   | Place    | Note
-------+----------+-------------------------------------------
     0 | D:1      | 2FriedEggs the Ogre Shapeshifter began the quest for the
                  | Orb.
     0 | D:1      | Reached XP level 1. HP: 22/22 MP: 1/1
     7 | D:1      | You fall into a shaft and drop 1 floor!
    20 | D:2      | Found Sienwug's Assorted Antiques.
    53 | D:2      | Reached XP level 2. HP: 26/31 MP: 2/2
    75 | D:2      | HP: 2/46 [poisoned by an adder]
    76 | D:2      | Slain by a goblin

Illustrated notes

Levels and vault maps discovered:
D:1:      roderic_crop_circles_arrival_large, layout_loops_ring
D:2:      layout_rooms, serial_shops, shop, basic_ecumenical_altar, uniq_jessica

Skill      XL: |  1 |
---------------+----+-----
Fighting       | 3 |  3.1
Dodging        | |  1.7
Unarmed Combat | |  1.7
Shapeshifting  | |  3.3

Action                     || total
---------------------------++-------
  Melee: Unarmed           ||    22
         Punch             ||     2
    Use: Potion            ||     1
 Armour: Skin              ||     2
  Dodge: Dodged            ||    17

Table legend: (Time is in decaauts)
 A = Elapsed time spent in this place.
 B = Non-inter-level travel time spent in this place.
 C = Inter-level travel time spent in this place.
 D = Time resting spent in this place.
 E = Time spent auto-exploring this place.
 F = Levels seen in this place.
 G = Mean time per level.
                   A        B        C        D        E       F      G
               +--------+--------+--------+--------+--------+-----+--------+
         Total |     74 |     74 |      0 |      0 |     23 |   2 |   37.0 |
       Dungeon |     74 |     74 |      0 |      0 |     23 |   2 |   37.0 |
               +--------+--------+--------+--------+--------+-----+--------+

Top non-repeatable levels by time:
     D:2: 67 daAuts
     D:1: 7 daAuts
